 Dungeon Crawl Stone Soup version 0.26.0-15-gc6cd9f7 (webtiles) character file.

Game seed: 13809653639584563696

156 brinewave the Skirmisher (level 5, -1/49 HPs)
             Began as a Minotaur Monk on Jan 24, 2021.
             Was a Believer of Qazlal.
             Killed from afar by an orc wizard (6 damage)
             ... with a magic dart
             ... on level 5 of the Dungeon.
             The game lasted 00:06:20 (1524 turns).

brinewave the Skirmisher (Minotaur Monk)            Turns: 1524, Time: 00:06:20

Health: -1/49      AC:  3    Str: 16    XL:     5   Next: 15%
Magic:  4/4        EV: 13    Int:  7    God:    Qazlal [**....]
Gold:   87         SH:  3    Dex: 13    Spells: 4/4 levels left

rFire    . . .     SeeInvis .   a - +0 falchion
rCold    . . .     Faith    .   (no shield)
rNeg     . . .     Spirit   .   c - +0 leather armour
rPois    .         Reflect  .   (helmet restricted)
rElec    .         Harm     .   (no cloak)
rCorr    .         Rampage  .   (no gloves)
Will     .....                  (no boots)
Stlth    +.........             (no amulet)
HPRegen  0.16/turn              (no ring)
MPRegen  0.09/turn              (no ring)

@: no status effects
A: retaliatory headbutt, horns 2
a: Renounce Religion, Upheaval


You were on level 5 of the Dungeon.
You worshipped Qazlal.
Qazlal was pleased with you.
You visited 1 branch of the dungeon, and saw 6 of its levels.

You collected 87 gold pieces.

Inventory:

Hand Weapons
 a - a +0 falchion (weapon)
 g - a +2 spear of flaming
 k - a +0 hunting sling
Missiles
 d - 14 sling bullets
 r - 6 poisoned darts (quivered)
Armour
 b - a +0 robe
 c - a +0 leather armour (worn)
 s - a cursed +0 buckler
Jewellery
 l - an uncursed amulet of guardian spirit {unknown}
 p - an uncursed amulet of magic regeneration {unknown}
Wands
 x - a wand of flame (16)
Scrolls
 e - a scroll of fear {unknown}
 f - a scroll of magic mapping {unknown}
 i - 2 scrolls of remove curse {unknown}
 j - 2 scrolls of teleportation {unknown}
 m - 2 scrolls of identify {unknown}
 n - a scroll of noise {unknown}
 t - a scroll of immolation {unknown}
 u - a scroll of blinking {unknown}
 v - 2 scrolls of fog {unknown}
 w - a scroll of enchant weapon {unknown}
Potions
 h - 2 potions of heal wounds {unknown}
 o - a potion of curing {unknown}
 q - a potion of flight {unknown}


   Skills:
 + Level 5.6 Fighting
 + Level 5.6 Long Blades
 - Level 3.2 Dodging
 - Level 1.5 Stealth


You had 4 spell levels left.
You didn't know any spells.
Your spell library was empty.

Dungeon Overview and Level Annotations

Branches:
Dungeon (6/15)
 Temple: D:4-7

Altars:
Qazlal


Innate Abilities, Weirdness & Mutations

You reflexively headbutt those who attack you in melee.
You have a pair of horns on your head.


Message History

The orc wizard looks braver for a moment.
The orc wizard hits you but does no damage. x2
The orc wizard hits you with a +0 dagger.
* * * LOW HITPOINT WARNING * * *
You hit the orc wizard.
The orc wizard is almost dead.
The orc wizard barely misses you.
You riposte.
You hit the orc wizard but do no damage.
The orc wizard is almost dead.
The orc wizard hits you but does no damage.
The orc wizard misses you.
You hit the orc wizard.
You kill the orc wizard!
Qazlal accepts your kill.
You have reached level 5!
The orc closely misses you.
Found 21 sling bullets.
A magic dart appears from out of thin air!
The magic dart hits you.
You die...

####...##
.........#
##.##....#
# #...o#
#..{o#
#....#
#...o#
####.# #@#
#.# #.#
#.# #(#
... ...
...


You could see 3 orcs.

Vanquished Creatures
  An orc wizard (D:5)
  7 gnolls
  An adder (D:2)
  An ooze (D:1)
  2 dart slugs (D:1)
  A leopard gecko (D:3)
  4 orcs
  A giant cockroach (D:3)
  4 goblins
  3 hobgoblins
  3 jackals (D:3)
  3 bats
  A frilled lizard (D:1)
  8 kobolds
  4 rats
44 creatures vanquished.

Notes
Turn   | Place    | Note
-------+----------+-------------------------------------------
     0 | D:1      | brinewave the Minotaur Monk began the quest for the Orb.
     0 | D:1      | Reached XP level 1. HP: 19/19 MP: 0/0
    87 | D:1      | Reached XP level 2. HP: 27/27 MP: 1/1
   448 | D:2      | Reached XP level 3. HP: 20/34 MP: 2/2
   577 | D:2      | Found a stormy altar of Qazlal.
   587 | D:2      | Became a worshipper of Qazlal Stormbringer
   587 | D:2      | Reached * piety under Qazlal
   587 | D:2      | Reached ** piety under Qazlal
   735 | D:3      | Reached XP level 4. HP: 37/41 MP: 3/3
   740 | D:3      | Reached skill level 5 in Long Blades
   743 | D:3      | Reached skill level 5 in Fighting
  1186 | D:5      | Entered Level 5 of the Dungeon
  1268 | D:6      | Noticed an ice beast
  1510 | D:5      | HP: 2/42 [orc wizard/+0 dagger (4)]
  1516 | D:5      | Reached XP level 5. HP: 4/49 MP: 4/4
  1524 | D:5      | Killed from afar by an orc wizard

Illustrated notes

Levels and vault maps discovered:
D:1:      dpeg_arrival_court, layout_basic, st_stairs_12
D:2:      layout_loops_cross, grunt_qazlal_sundering
D:3:      layout_loops_ring, nemelex_xobeh_ov_fountains_minmay
D:4:      layout_loops_ring, gammafunk_ghost_mausoleum, serial_glass,
          glass_columns_a, glass_columns_a, glass_columns_a
D:5:      layout_basic, marbit_many_paths, nicolae_overflow_hidden_temple,
          lightli_corner_chamber
D:6:      layout_basic, cheibrodos_worm_habitat,
          gammafunk_temple_overflow_elements, minmay_temple_entry_slanted,
          serial_shops, shop, roderic_roman_lattice, kennysheep_dice

Skill      XL: |  1  2  3  4 |
---------------+-------------+-----
Fighting       | 4 5 |  5.6
Long Blades    | 4 5 |  5.6
Dodging        | |  3.2
Stealth        | |  1.5

Action                   |  1- 3 |  4- 6 || total
-------------------------+-------+-------++-------
Melee: Falchion          |    46 |    48 ||    94
       Headbutt          |    13 |     9 ||    22
 Stab: Sleeping          |     2 |       ||     2
Armor: Leather armour    |     5 |    20 ||    25
Dodge: Dodged            |    33 |    26 ||    59
Block: Other             |     1 |     7 ||     8
       Rpst.: Falchion   |    12 |     8 ||    20
